BUFFALO vs TORONTO

Created - January 2, 2021 at 17:44

Goals
1 2 3 T
BUFFALO 0 3 1 4
TORONTO 1 0 1 2
Shots
1 2 3 T
BUFFALO 8 8 11 27
TORONTO 5 7 13 25

1st period

1. TORONTO , Brayden Point 1 (Mark Scheifele 1) at 2:18

Penalties :
Matt Grzelcyk (BUF) for Hooking (Minor) at 4:57, Ethan Bear (TOR) for Holding (Minor) at 13:59, Ryan Reaves (TOR) for Hooking (Minor) at 17:44

2nd period

2. BUFFALO , Noel Acciari 1 (Marco Scandella 1, Carl Hagelin 1) at 4:16
3. BUFFALO , Alex Killorn 1 (Matt Duchene 1, Shea Theodore 1) at 10:26 (PP)
4. BUFFALO , Frank Vatrano 1 (Jordan Staal 1, Matt Grzelcyk 1) at 16:18

Penalties :
Ethan Bear (TOR) for Holding (Minor) at 10:18, Ian Cole (TOR) for Interference (Minor) at 13:53

3rd period

5. TORONTO , Oskar Lindblom 1 (Jordie Benn 1, Nick Suzuki 1) at 6:01
6. BUFFALO , Shea Theodore 1 (Charlie Coyle 1, Alex Killorn 1) at 16:06 (PP)

Penalties :
Jordan Staal (BUF) for Holding (Minor) at 8:22, Ethan Bear (TOR) for Hooking (Minor) at 15:54, Ian Cole (TOR) for Roughing (Minor) at 16:37

Goalie Stats

Tuukka Rask (BUF), 23 saves from 25 shots - (0.920), W, 1-0-0, 60:00 minutes
Anton Khudobin (TOR), 23 saves from 27 shots - (0.852), L, 0-1-0, 60:00 minutes

Players Stats for BUFFALO

Player Name              G  A  P  +/- PIM S  H  SB GA TA FO     MP     PP MP  PK MP  
------------------------------------------------------------------------------------
Alex Killorn             1  1  2   0  0   4  3  0  0  0  2/2    19:14   4:37   1:32 
Brad Marchand            0  0  0   0  0   6  1  0  0  0  2/5    22:02   3:39   2:02 
Carl Hagelin             0  1  1   0  0   1  0  0  0  0  1/2     6:24   0:00   0:57 
Charlie Coyle            0  1  1   0  0   1  1  0  0  0  2/2    17:42   4:37   0:00 
Drew Doughty             0  0  0   0  0   2  2  1  0  0  0/0    25:57   5:39   2:20 
Eric Staal               0  0  0   0  0   1  2  1  0  0  13/21  21:41   3:39   1:41 
Frank Vatrano            1  0  1   0  0   2  1  0  0  0  0/0    12:53   0:00   0:00 
James van Riemsdyk       0  0  0   0  0   0  0  0  0  0  0/0    12:53   0:00   0:00 
Jordan Staal             0  1  1   0  2   1  2  0  0  0  10/14  12:52   0:00   0:00 
Marco Scandella          0  1  1   0  0   0  0  0  0  0  0/0    13:39   0:00   0:00 
Matt Duchene             0  1  1   0  0   1  1  0  0  0  14/25  17:42   4:37   0:00 
Matt Grzelcyk            0  1  1   0  2   0  2  2  0  0  0/0    13:38   0:00   0:00 
Noah Hanifin             0  0  0   0  0   0  3  0  0  0  0/0    20:24   2:37   1:38 
Noel Acciari             1  0  1   0  0   1  2  0  0  0  7/11    5:39   0:00   0:12 
Ondrej Kase              0  0  0   0  0   0  0  0  0  0  0/0     5:27   0:00   0:00 
Phil Kessel              0  0  0   0  0   0  0  1  0  0  1/1    21:32   3:39   1:32 
Roman Josi               0  0  0   0  0   5  1  1  0  0  0/0    25:57   5:39   2:20 
Shea Theodore            1  1  2   0  0   2  0  0  0  0  0/0    20:24   2:37   1:38 

Players Stats for TORONTO

Player Name              G  A  P  +/- PIM S  H  SB GA TA FO     MP     PP MP  PK MP  
------------------------------------------------------------------------------------
Brady Tkachuk            0  0  0  -1  0   1  3  0  0  0  0/1    17:19   1:53   0:05 
Brayden Point            1  0  1   0  0   2  0  0  0  0  3/13   21:40   2:05   5:27 
Curtis Lazar             0  0  0   0  0   0  0  0  0  0  1/7     9:53   0:00   2:38 
Ethan Bear               0  0  0   0  6   0  3  3  0  0  0/0    19:43   0:00   2:24 
Ian Cole                 0  0  0   0  4   1  4  1  0  0  0/0    16:26   0:00   2:18 
Jeff Skinner             0  0  0  -1  0   4  0  0  0  0  0/0    17:14   1:53   0:00 
Joe Pavelski             0  0  0  -1  0   1  0  0  0  0  9/21   17:31   2:05   0:05 
Jordan Martinook         0  0  0   0  0   1  1  0  0  0  2/2     9:59   0:00   2:44 
Jordie Benn              0  1  1   0  0   1  1  1  0  0  0/0    17:35   0:00   3:25 
Josh Morrissey           0  0  0   0  0   0  0  0  0  0  0/0    21:12   1:53   3:05 
Justin Williams          0  0  0   1  0   1  2  0  0  0  1/1    11:02   0:00   0:00 
Kevin Shattenkirk        0  0  0   0  0   1  1  2  0  0  0/0    19:30   2:05   0:00 
Mark Scheifele           0  1  1   0  0   5  0  0  0  0  8/20   16:13   2:05   0:00 
Matt Niskanen            0  0  0   0  0   2  2  0  0  0  0/0    23:24   1:53   5:20 
Nick Suzuki              0  1  1   1  0   1  1  0  0  0  6/15   12:55   1:53   0:00 
Ondrej Palat             0  0  0   0  0   2  6  0  0  0  1/3    21:21   2:05   5:08 
Oskar Lindblom           1  0  1   1  0   1  0  0  0  0  0/0    11:02   0:00   0:00 
Ryan Reaves              0  0  0   0  2   1  3  0  0  0  0/0     7:39   0:00   0:25 

3 Stars

1 - Alex Killorn (BUF)
2 - Shea Theodore (BUF)
3 - Noel Acciari (BUF)

Power Play

BUFFALO - 2 on 6 Attempt(s) - 33.33%
TORONTO - 0 on 2 Attempt(s) - 0.00%

Penalty Kill

BUFFALO - 2 on 2 Attempt(s) - 100.00% - Score 0 goal in Penalty Kill
TORONTO - 4 on 6 Attempt(s) - 66.67% - Score 0 goal in Penalty Kill

Team Stat

BUFFALO - Hits : 21 - Faceoff Wins : 52 - Blocked Shots : 6 - Penalty Minutes : 4
TORONTO - Hits : 27 - Faceoff Wins : 31 - Blocked Shots : 7 - Penalty Minutes : 12

Official

Referees : Francis Charron and Terry Koharski
Linesman : Trent Knorr and Bevan Mills

Game Notes

No Game Note

Finance

Level 1 -- Attendance: 5842 (97.37%) -- Ticket Income $397,256
Level 2 -- Attendance: 4490 (89.80%) -- Ticket Income $246,950
Level 3 -- Attendance: 1938 (96.90%) -- Ticket Income $60,078
Level 4 -- Attendance: 2833 (70.83%) -- Ticket Income $62,326
Luxury Box -- Attendance: 943 (94.30%) -- Ticket Income $127,305
Game was played at the Air Canada Center.
Total Attendance: 16046 (89.14%)
Total Ticket Income: $893,915
Total Income: $893,915

BUFFALO

5 vs 5 Forward 
   Center                   Left Wing                Right Wing               Time % Phy DF OF 
 1 Eric Staal               Brad Marchand            Phil Kessel              35     1   2  2  
 2 Matt Duchene             Alex Killorn             Charlie Coyle            30     1   2  2  
 3 Jordan Staal             James van Riemsdyk       Frank Vatrano            25     1   2  2  
 4 Noel Acciari             Carl Hagelin             Ondrej Kase              10     1   2  2  

5 vs 5 Defense 
   Defense                  Defense                                           Time % Phy DF OF 
 1 Roman Josi               Drew Doughty                                      35     1   2  2  
 2 Noah Hanifin             Shea Theodore                                     30     1   2  2  
 3 Marco Scandella          Matt Grzelcyk                                     25     1   2  2  
 4 Roman Josi               Drew Doughty                                      10     1   2  2  

PowerPlay Forward 
   Center                   Left Wing                Right Wing               Time % Phy DF OF 
 1 Eric Staal               Brad Marchand            Phil Kessel              60     1   2  2  
 2 Matt Duchene             Alex Killorn             Charlie Coyle            40     1   2  2  

PowerPlay Defense
   Defense                  Defense                                           Time % Phy DF OF 
 1 Roman Josi               Drew Doughty                                      60     1   2  2  
 2 Noah Hanifin             Shea Theodore                                     40     1   2  2  

Penalty Kill 4 Players Forward 
   Center                   Wing                     Time % Phy DF OF 
 1 Brad Marchand            Eric Staal               60     1   2  2  
 2 Phil Kessel              Alex Killorn             40     1   2  2  

Penalty Kill 4 Players Defense
   Defense                  Defense                  Time % Phy DF OF 
 1 Roman Josi               Drew Doughty             60     1   2  2  
 2 Noah Hanifin             Shea Theodore            40     1   2  2  

Penalty Kill - 3 Players Forward 
   Forward                                           Time % Phy DF OF 
 1 Brad Marchand                                     60     1   2  2  
 2 Eric Staal                                        40     1   2  2  

Penalty Kill - 3 Players Defense
   Defense                  Defense                  Time % Phy DF OF 
 1 Roman Josi               Drew Doughty             60     1   2  2  
 2 Noah Hanifin             Shea Theodore            40     1   2  2  

4 vs 4 Forward 
   Center                   Wing                     Time % Phy DF OF 
 1 Brad Marchand            Eric Staal               60     1   2  2  
 2 Phil Kessel              Alex Killorn             40     1   2  2  

4 vs 4 Defense
   Defense                  Defense                  Time % Phy DF OF 
 1 Roman Josi               Drew Doughty             60     1   2  2  
 2 Noah Hanifin             Shea Theodore            40     1   2  2  

Last Minutes Offensive
   Center                   Left Wing                Right Wing               Defense                  Defense                  
   Eric Staal               Brad Marchand            Phil Kessel              Roman Josi               Drew Doughty             

Last Minutes Defensive
   Center                   Left Wing                Right Wing               Defense                  Defense                  
   Eric Staal               Brad Marchand            Phil Kessel              Roman Josi               Drew Doughty             

Goaltenders
Starting : Tuukka Rask              
Backup : Alex Stalock             

Extra Forwards
Normal : Jordan Staal, James van Riemsdyk, Carl Hagelin - PP : Jordan Staal, James van Riemsdyk - PK : Carl Hagelin
Extra Defensemen
Normal : Marco Scandella, Matt Grzelcyk, Noah Hanifin - PP : Marco Scandella - PK : Matt Grzelcyk, Noah Hanifin
Penalty Shots
Brad Marchand, Eric Staal, Phil Kessel, Alex Killorn, Matt Duchene

Scratches
None

TORONTO

5 vs 5 Forward 
   Center                   Left Wing                Right Wing               Time % Phy DF OF 
 1 Mark Scheifele           Ondrej Palat             Brayden Point            35     1   1  3  
 2 Joe Pavelski             Brady Tkachuk            Jeff Skinner             30     2   1  2  
 3 Nick Suzuki              Oskar Lindblom           Justin Williams          20     1   2  2  
 4 Curtis Lazar             Jordan Martinook         Ryan Reaves              15     2   2  1  

5 vs 5 Defense 
   Defense                  Defense                                           Time % Phy DF OF 
 1 Josh Morrissey           Matt Niskanen                                     35     1   2  2  
 2 Ethan Bear               Kevin Shattenkirk                                 35     1   2  2  
 3 Ian Cole                 Jordie Benn                                       25     1   3  1  
 4 Josh Morrissey           Matt Niskanen                                     5      1   2  2  

PowerPlay Forward 
   Center                   Left Wing                Right Wing               Time % Phy DF OF 
 1 Joe Pavelski             Ondrej Palat             Brayden Point            60     1   2  2  
 2 Nick Suzuki              Brady Tkachuk            Jeff Skinner             40     1   2  2  

PowerPlay Defense
   Defense                  Defense                                           Time % Phy DF OF 
 1 Mark Scheifele           Kevin Shattenkirk                                 60     1   2  2  
 2 Matt Niskanen            Josh Morrissey                                    40     1   2  2  

Penalty Kill 4 Players Forward 
   Center                   Wing                     Time % Phy DF OF 
 1 Brayden Point            Ondrej Palat             60     0   3  2  
 2 Curtis Lazar             Jordan Martinook         40     0   3  2  

Penalty Kill 4 Players Defense
   Defense                  Defense                  Time % Phy DF OF 
 1 Ian Cole                 Matt Niskanen            60     1   3  1  
 2 Josh Morrissey           Jordie Benn              40     1   3  1  

Penalty Kill - 3 Players Forward 
   Forward                                           Time % Phy DF OF 
 1 Ondrej Palat                                      60     1   3  1  
 2 Jordan Martinook                                  40     1   3  1  

Penalty Kill - 3 Players Defense
   Defense                  Defense                  Time % Phy DF OF 
 1 Ian Cole                 Matt Niskanen            60     1   3  1  
 2 Josh Morrissey           Jordie Benn              40     1   3  1  

4 vs 4 Forward 
   Center                   Wing                     Time % Phy DF OF 
 1 Brayden Point            Ondrej Palat             60     1   2  2  
 2 Mark Scheifele           Brady Tkachuk            40     1   2  2  

4 vs 4 Defense
   Defense                  Defense                  Time % Phy DF OF 
 1 Josh Morrissey           Matt Niskanen            60     1   2  2  
 2 Ian Cole                 Ethan Bear               40     1   2  2  

Last Minutes Offensive
   Center                   Left Wing                Right Wing               Defense                  Defense                  
   Mark Scheifele           Jeff Skinner             Brayden Point            Josh Morrissey           Kevin Shattenkirk        

Last Minutes Defensive
   Center                   Left Wing                Right Wing               Defense                  Defense                  
   Brayden Point            Ondrej Palat             Joe Pavelski             Josh Morrissey           Matt Niskanen            

Goaltenders
Starting : Anton Khudobin           
Backup : Jonathan Quick           

Extra Forwards
Normal : Joe Pavelski, Jordan Martinook, Oskar Lindblom - PP : Justin Williams, Oskar Lindblom - PK : Ryan Reaves
Extra Defensemen
Normal : Ethan Bear, Jordie Benn, Matt Niskanen - PP : Ethan Bear - PK : Jordie Benn, Ian Cole
Penalty Shots
Brayden Point, Mark Scheifele, Jeff Skinner, Ondrej Palat, Brady Tkachuk

Scratches
TOR Cap Hit (Suspend)

% Time on Ice - BUFFALO

Lines # - Real PCT - Wanted PCT - Time Play
Normal Forward
1 - 34% - 35% - 16:21
2 - 27% - 30% - 13:05
3 - 27% - 25% - 12:53
4 - 11% - 10% - 5:27
Normal Defense
1 - 33% - 35% - 15:54
2 - 34% - 30% - 16:09
3 - 29% - 25% - 13:39
4 - 4% - 10% - 2:04
PP Forward
1 - 44% - 60% - 3:39
2 - 56% - 40% - 4:37
PP Defense
1 - 68% - 60% - 5:39
2 - 32% - 40% - 2:37
PK Forward
1 - 61% - 60% - 2:26
2 - 39% - 40% - 1:32
PK Defense
1 - 59% - 60% - 2:20
2 - 41% - 40% - 1:38
PK3 Forward
1 - 0% - 60%
2 - 0% - 40%
PK3 Defense
1 - 0% - 60%
2 - 0% - 40%
44 Forward
1 - 0% - 60%
2 - 0% - 40%
44 Defense
1 - 0% - 60%
2 - 0% - 40%
Last Minute Offensive  - 0:00
Last Minute Defensive  - 0:00
Total
Forward - 60:00
Defense - 60:00

% Time on Ice - TORONTO

Lines # - Real PCT - Wanted PCT - Time Play
Normal Forward
1 - 30% - 35% - 14:08
2 - 32% - 30% - 15:21
3 - 23% - 20% - 11:02
4 - 15% - 15% - 7:15
Normal Defense
1 - 33% - 35% - 15:38
2 - 36% - 35% - 17:25
3 - 30% - 25% - 14:10
4 - 1% - 5% - 0:33
PP Forward
1 - 53% - 60% - 2:05
2 - 47% - 40% - 1:53
PP Defense
1 - 53% - 60% - 2:05
2 - 47% - 40% - 1:53
PK Forward
1 - 68% - 60% - 5:38
2 - 32% - 40% - 2:38
PK Defense
1 - 65% - 60% - 5:21
2 - 35% - 40% - 2:55
PK3 Forward
1 - 0% - 60%
2 - 0% - 40%
PK3 Defense
1 - 0% - 60%
2 - 0% - 40%
44 Forward
1 - 0% - 60%
2 - 0% - 40%
44 Defense
1 - 0% - 60%
2 - 0% - 40%
Last Minute Offensive  - 0:00
Last Minute Defensive  - 0:00
Total
Forward - 60:00
Defense - 60:00

Play-by-Play

1st period


0:01 of 1st period - Eric Staal wins face-off versus Mark Scheifele in neutral zone.
0:28 of 1st period - Shot by Brad Marchand.
0:28 of 1st period - Stopped by Anton Khudobin without a rebound.
0:29 of 1st period - Alex Killorn wins face-off versus Joe Pavelski in TORONTO zone.
0:30 of 1st period - Shot by Matt Duchene.
0:30 of 1st period - Shot Blocked by Kevin Shattenkirk.
1:26 of 1st period - Shot by Jordan Staal.
1:26 of 1st period - Shot Misses the Net.
2:07 of 1st period - Icing by Matt Grzelcyk.
2:08 of 1st period - Jordan Staal wins face-off versus Curtis Lazar in BUFFALO zone.
2:16 of 1st period - Icing by Marco Scandella.
2:17 of 1st period - Mark Scheifele wins face-off versus Jordan Staal in BUFFALO zone.
2:18 of 1st period - Shot by Brayden Point.
2:18 of 1st period - Goal by Brayden Point - BUFFALO : 0 - TORONTO : 1.
2:19 of 1st period - Nick Suzuki wins face-off versus Brad Marchand in neutral zone.
2:27 of 1st period - Shot by Brad Marchand.
2:27 of 1st period - Stopped by Anton Khudobin without a rebound.
2:28 of 1st period - Mark Scheifele wins face-off versus Noel Acciari in TORONTO zone.
2:28 of 1st period - Mark Scheifele is hit by Noel Acciari.
2:37 of 1st period - Icing by Roman Josi.
2:38 of 1st period - Curtis Lazar wins face-off versus Noel Acciari in BUFFALO zone.
2:43 of 1st period - Shot by Jordan Martinook.
2:43 of 1st period - Shot Misses the Net.
2:47 of 1st period - Shot by Matt Niskanen.
2:47 of 1st period - Shot Misses the Net.
3:15 of 1st period - Shot by Ryan Reaves.
3:15 of 1st period - Stopped by Tuukka Rask with a rebound.
3:24 of 1st period - Icing by Ondrej Kase.
3:25 of 1st period - Noel Acciari wins face-off versus Mark Scheifele in BUFFALO zone.
3:25 of 1st period - Noel Acciari is hit by Ondrej Palat.
4:24 of 1st period - Off-side.
4:25 of 1st period - Matt Duchene wins face-off versus Nick Suzuki in neutral zone.
4:33 of 1st period - Icing by Josh Morrissey.
4:34 of 1st period - Nick Suzuki wins face-off versus Jordan Staal in TORONTO zone.
4:34 of 1st period - Matt Niskanen is hit by Jordan Staal.
4:52 of 1st period - Shot by Nick Suzuki.
4:52 of 1st period - Shot Misses the Net.
4:54 of 1st period - Shot by Oskar Lindblom.
4:54 of 1st period - Shot Blocked by Matt Grzelcyk.
4:56 of 1st period - Shot by Oskar Lindblom.
4:56 of 1st period - Shot Blocked by Matt Grzelcyk.
4:57 of 1st period - Minor Penalty to Matt Grzelcyk for Hooking.
4:58 of 1st period - Brad Marchand wins face-off versus Nick Suzuki in BUFFALO zone.
5:21 of 1st period - Shot by Jeff Skinner.
5:21 of 1st period - Stopped by Tuukka Rask without a rebound.
5:22 of 1st period - Joe Pavelski wins face-off versus Brad Marchand in BUFFALO zone.
5:47 of 1st period - Shot by Matt Niskanen.
5:47 of 1st period - Stopped by Tuukka Rask with a rebound.
7:26 of 1st period - James van Riemsdyk is hit by Ian Cole and loses puck.
8:42 of 1st period - Off-side.
8:43 of 1st period - Eric Staal wins face-off versus Joe Pavelski in neutral zone.
9:22 of 1st period - Icing by Ian Cole.
9:23 of 1st period - Matt Duchene wins face-off versus Joe Pavelski in TORONTO zone.
9:49 of 1st period - Alex Killorn is hit by Matt Niskanen and loses puck.
10:06 of 1st period - Shot by Mark Scheifele.
10:06 of 1st period - Stopped by Tuukka Rask without a rebound.
10:07 of 1st period - Jordan Staal wins face-off versus Curtis Lazar in BUFFALO zone.
10:16 of 1st period - Kevin Shattenkirk is hit by Jordan Staal and loses puck.
10:20 of 1st period - Icing by Kevin Shattenkirk.
10:21 of 1st period - Eric Staal wins face-off versus Curtis Lazar in TORONTO zone.
10:35 of 1st period - Off-side.
10:36 of 1st period - Mark Scheifele wins face-off versus Jordan Staal in neutral zone.
10:52 of 1st period - Mark Scheifele is hit by Drew Doughty and loses puck.
11:34 of 1st period - Icing by Matt Niskanen.
11:35 of 1st period - Matt Duchene wins face-off versus Mark Scheifele in TORONTO zone.
11:38 of 1st period - Shot by Alex Killorn.
11:38 of 1st period - Stopped by Anton Khudobin without a rebound.
11:39 of 1st period - Joe Pavelski wins face-off versus Matt Duchene in TORONTO zone.
11:39 of 1st period - Joe Pavelski is hit by Charlie Coyle.
11:42 of 1st period - Kevin Shattenkirk is hit by Alex Killorn and loses puck.
11:53 of 1st period - Shot by Matt Duchene.
11:53 of 1st period - Shot Blocked by Ethan Bear.
11:55 of 1st period - Shot by Shea Theodore.
11:55 of 1st period - Stopped by Anton Khudobin without a rebound.
11:56 of 1st period - Nick Suzuki wins face-off versus Eric Staal in TORONTO zone.
12:03 of 1st period - Roman Josi is hit by Justin Williams and loses puck.
12:28 of 1st period - Shot by Brad Marchand.
12:28 of 1st period - Stopped by Anton Khudobin with a rebound.
12:36 of 1st period - Shot by Roman Josi.
12:36 of 1st period - Stopped by Anton Khudobin without a rebound.
12:37 of 1st period - Joe Pavelski wins face-off versus Matt Duchene in TORONTO zone.
12:37 of 1st period - Joe Pavelski is hit by Alex Killorn.
12:44 of 1st period - Matt Duchene is hit by Ethan Bear and loses puck.
13:10 of 1st period - Shot by Charlie Coyle.
13:10 of 1st period - Shot Misses the Net.
13:27 of 1st period - Jordan Staal is hit by Ethan Bear and loses puck.
13:40 of 1st period - Shot by James van Riemsdyk.
13:40 of 1st period - Shot Misses the Net.
13:59 of 1st period - Minor Penalty to Ethan Bear for Holding.
14:00 of 1st period - Brayden Point wins face-off versus Eric Staal in TORONTO zone.
14:11 of 1st period - Brayden Point is hit by Brad Marchand and loses puck.
15:03 of 1st period - Shot by Alex Killorn.
15:03 of 1st period - Shot Misses the Net.
15:15 of 1st period - Shot by Charlie Coyle.
15:15 of 1st period - Stopped by Anton Khudobin without a rebound.
15:16 of 1st period - Alex Killorn wins face-off versus Ondrej Palat in TORONTO zone.
15:34 of 1st period - Icing by Drew Doughty.
15:35 of 1st period - Brayden Point wins face-off versus Matt Duchene in BUFFALO zone.
17:04 of 1st period - Josh Morrissey is hit by Matt Grzelcyk and loses puck.
17:44 of 1st period - Minor Penalty to Ryan Reaves for Hooking.
17:45 of 1st period - Matt Duchene wins face-off versus Brayden Point in TORONTO zone.
19:00 of 1st period - Shot by Brad Marchand.
19:00 of 1st period - Stopped by Anton Khudobin without a rebound.
19:01 of 1st period - Matt Duchene wins face-off versus Brayden Point in TORONTO zone.
19:54 of 1st period - Shot by James van Riemsdyk.
19:54 of 1st period - Shot Misses the Net.
19:56 of 1st period - Shot by Jordan Staal.
19:56 of 1st period - Shot Misses the Net.
Goals for this period are 0 for BUFFALO vs 1 for TORONTO.
Shots for this period are 8 for BUFFALO vs 5 for TORONTO.

2nd period


0:01 of 2nd period - Mark Scheifele wins face-off versus Matt Duchene in neutral zone.
0:08 of 2nd period - Drew Doughty is hit by Ondrej Palat.
0:12 of 2nd period - Shot by Charlie Coyle.
0:12 of 2nd period - Deflect By Alex Killorn.
0:12 of 2nd period - Shot Misses the Net.
1:11 of 2nd period - Shot by Jeff Skinner.
1:11 of 2nd period - Stopped by Tuukka Rask with a rebound.
2:08 of 2nd period - Jordie Benn is hit by Noah Hanifin and loses puck.
2:29 of 2nd period - Shot by Frank Vatrano.
2:29 of 2nd period - Shot Misses the Net.
3:07 of 2nd period - Shot by Brayden Point.
3:07 of 2nd period - Stopped by Tuukka Rask with a rebound.
3:09 of 2nd period - Shot by Matt Niskanen.
3:09 of 2nd period - Stopped by Tuukka Rask without a rebound.
3:10 of 2nd period - Matt Duchene wins face-off versus Joe Pavelski in BUFFALO zone.
3:10 of 2nd period - Drew Doughty is hit by Brady Tkachuk and loses puck.
3:18 of 2nd period - Jeff Skinner is hit by Drew Doughty and loses puck.
3:23 of 2nd period - Shot by Joe Pavelski.
3:23 of 2nd period - Shot Blocked by Roman Josi.
3:50 of 2nd period - Shot by Jeff Skinner.
3:50 of 2nd period - Shot Misses the Net.
4:02 of 2nd period - Shot by Ondrej Palat.
4:02 of 2nd period - Stopped by Tuukka Rask without a rebound.
4:03 of 2nd period - Noel Acciari wins face-off versus Brayden Point in BUFFALO zone.
4:16 of 2nd period - Shot by Noel Acciari.
4:16 of 2nd period - Goal by Noel Acciari - BUFFALO : 1 - TORONTO : 1.
4:17 of 2nd period - Jordan Staal wins face-off versus Curtis Lazar in neutral zone.
4:21 of 2nd period - Noah Hanifin is hit by Ryan Reaves and loses puck.
5:20 of 2nd period - Off-side.
5:21 of 2nd period - Matt Duchene wins face-off versus Joe Pavelski in neutral zone.
5:37 of 2nd period - Icing by Joe Pavelski.
5:38 of 2nd period - Eric Staal wins face-off versus Brady Tkachuk in TORONTO zone.
6:22 of 2nd period - Shot by Kevin Shattenkirk.
6:22 of 2nd period - Shot Misses the Net.
6:31 of 2nd period - Icing by Marco Scandella.
6:32 of 2nd period - Eric Staal wins face-off versus Nick Suzuki in BUFFALO zone.
6:55 of 2nd period - Matt Grzelcyk is hit by Nick Suzuki and loses puck.
7:28 of 2nd period - Ethan Bear is hit by Alex Killorn and loses puck.
7:44 of 2nd period - Mark Scheifele is hit by Roman Josi and loses puck.
7:57 of 2nd period - Drew Doughty is hit by Ondrej Palat and loses puck.
8:10 of 2nd period - Shot by Jordie Benn.
8:10 of 2nd period - Shot Blocked by Drew Doughty.
8:12 of 2nd period - Shot by Ian Cole.
8:12 of 2nd period - Stopped by Tuukka Rask without a rebound.
8:13 of 2nd period - Jordan Staal wins face-off versus Curtis Lazar in BUFFALO zone.
8:13 of 2nd period - Jordan Staal is hit by Jordan Martinook.
8:18 of 2nd period - Noah Hanifin is hit by Ryan Reaves and loses puck.
9:28 of 2nd period - Brady Tkachuk is hit by Matt Grzelcyk and loses puck.
9:37 of 2nd period - Shot by Brady Tkachuk.
9:37 of 2nd period - Stopped by Tuukka Rask without a rebound.
9:38 of 2nd period - Eric Staal wins face-off versus Mark Scheifele in BUFFALO zone.
9:42 of 2nd period - Roman Josi is hit by Ethan Bear and loses puck.
9:57 of 2nd period - Shot by Brayden Point.
9:57 of 2nd period - Deflect By Mark Scheifele.
9:57 of 2nd period - Shot Misses the Net.
10:18 of 2nd period - Minor Penalty to Ethan Bear for Holding.
10:19 of 2nd period - Matt Duchene wins face-off versus Brayden Point in TORONTO zone.
10:24 of 2nd period - Shot by Shea Theodore.
10:24 of 2nd period - Deflect By Matt Duchene.
10:24 of 2nd period - Shot Blocked by Ian Cole.
10:26 of 2nd period - Shot by Alex Killorn.
10:26 of 2nd period - Goal by Alex Killorn - BUFFALO : 2 - TORONTO : 1.
10:27 of 2nd period - Joe Pavelski wins face-off versus Matt Duchene in neutral zone.
10:56 of 2nd period - Shot by Alex Killorn.
10:56 of 2nd period - Stopped by Anton Khudobin without a rebound.
10:57 of 2nd period - Eric Staal wins face-off versus Nick Suzuki in TORONTO zone.
10:58 of 2nd period - Shot by Drew Doughty.
10:58 of 2nd period - Stopped by Anton Khudobin with a rebound.
11:13 of 2nd period - Off-side.
11:14 of 2nd period - Jordan Staal wins face-off versus Mark Scheifele in neutral zone.
11:26 of 2nd period - Shot by Frank Vatrano.
11:26 of 2nd period - Stopped by Anton Khudobin without a rebound.
11:27 of 2nd period - Matt Duchene wins face-off versus Joe Pavelski in TORONTO zone.
12:33 of 2nd period - Shot by Mark Scheifele.
12:33 of 2nd period - Stopped by Tuukka Rask without a rebound.
12:34 of 2nd period - Eric Staal wins face-off versus Nick Suzuki in BUFFALO zone.
12:52 of 2nd period - Phil Kessel is hit by Ian Cole and loses puck.
13:34 of 2nd period - James van Riemsdyk is hit by Jordie Benn and loses puck.
13:42 of 2nd period - Jordan Staal is hit by Ian Cole and loses puck.
13:48 of 2nd period - Frank Vatrano is hit by Ian Cole.
13:52 of 2nd period - Shot by Jordan Staal.
13:52 of 2nd period - Shot Blocked by Jordie Benn.
13:53 of 2nd period - Minor Penalty to Ian Cole for Interference.
13:54 of 2nd period - Matt Duchene wins face-off versus Brayden Point in TORONTO zone.
13:57 of 2nd period - Shot by Matt Duchene.
13:57 of 2nd period - Deflect By Alex Killorn.
13:57 of 2nd period - Stopped by Anton Khudobin with a rebound.
13:59 of 2nd period - Shot by Roman Josi.
13:59 of 2nd period - Stopped by Anton Khudobin with a rebound.
14:45 of 2nd period - Shot by Brad Marchand.
14:45 of 2nd period - Deflect By Phil Kessel.
14:45 of 2nd period - Shot Misses the Net.
15:12 of 2nd period - Off-side.
15:13 of 2nd period - Jordan Martinook wins face-off versus Eric Staal in neutral zone.
16:18 of 2nd period - Shot by Frank Vatrano.
16:18 of 2nd period - Goal by Frank Vatrano - BUFFALO : 3 - TORONTO : 1.
16:19 of 2nd period - Noel Acciari wins face-off versus Nick Suzuki in neutral zone.
16:21 of 2nd period - Off-side.
16:22 of 2nd period - Mark Scheifele wins face-off versus Matt Duchene in neutral zone.
17:09 of 2nd period - Icing by Kevin Shattenkirk.
17:10 of 2nd period - Jordan Staal wins face-off versus Mark Scheifele in TORONTO zone.
17:14 of 2nd period - Jordan Staal is hit by Kevin Shattenkirk and loses puck.
17:37 of 2nd period - Off-side.
17:38 of 2nd period - Joe Pavelski wins face-off versus Eric Staal in neutral zone.
18:00 of 2nd period - Off-side.
18:01 of 2nd period - Jordan Martinook wins face-off versus Matt Duchene in neutral zone.
Goals for this period are 3 for BUFFALO vs 0 for TORONTO.
Shots for this period are 8 for BUFFALO vs 7 for TORONTO.

3rd period


0:01 of 3rd period - Mark Scheifele wins face-off versus Eric Staal in neutral zone.
0:05 of 3rd period - Off-side.
0:06 of 3rd period - Eric Staal wins face-off versus Brayden Point in neutral zone.
0:15 of 3rd period - Shot by Ondrej Palat.
0:15 of 3rd period - Shot Misses the Net.
0:21 of 3rd period - Shot by Eric Staal.
0:21 of 3rd period - Stopped by Anton Khudobin without a rebound.
0:22 of 3rd period - Joe Pavelski wins face-off versus Matt Duchene in TORONTO zone.
0:35 of 3rd period - Shot by Jeff Skinner.
0:35 of 3rd period - Stopped by Tuukka Rask without a rebound.
0:36 of 3rd period - Eric Staal wins face-off versus Mark Scheifele in BUFFALO zone.
0:36 of 3rd period - Eric Staal is hit by Ondrej Palat.
0:48 of 3rd period - Shot by Eric Staal.
0:48 of 3rd period - Shot Misses the Net.
1:16 of 3rd period - Shot by Mark Scheifele.
1:16 of 3rd period - Stopped by Tuukka Rask without a rebound.
1:17 of 3rd period - Charlie Coyle wins face-off versus Joe Pavelski in BUFFALO zone.
1:33 of 3rd period - Icing by Kevin Shattenkirk.
1:34 of 3rd period - Jordan Staal wins face-off versus Joe Pavelski in TORONTO zone.
2:32 of 3rd period - Icing by Roman Josi.
2:33 of 3rd period - Eric Staal wins face-off versus Mark Scheifele in BUFFALO zone.
2:33 of 3rd period - Eric Staal is hit by Ondrej Palat.
4:24 of 3rd period - Icing by Shea Theodore.
4:25 of 3rd period - Matt Duchene wins face-off versus Joe Pavelski in BUFFALO zone.
4:25 of 3rd period - Matt Duchene is hit by Brady Tkachuk.
5:16 of 3rd period - Off-side.
5:17 of 3rd period - Noel Acciari wins face-off versus Mark Scheifele in neutral zone.
5:51 of 3rd period - Icing by Carl Hagelin.
5:52 of 3rd period - Noel Acciari wins face-off versus Nick Suzuki in BUFFALO zone.
5:52 of 3rd period - Ondrej Kase is hit by Justin Williams and loses puck.
5:57 of 3rd period - Shot by Oskar Lindblom.
5:57 of 3rd period - Deflect By Nick Suzuki.
5:57 of 3rd period - Shot Misses the Net.
5:59 of 3rd period - Shot by Jordie Benn.
5:59 of 3rd period - Shot Misses the Net.
6:01 of 3rd period - Shot by Oskar Lindblom.
6:01 of 3rd period - Goal by Oskar Lindblom - BUFFALO : 3 - TORONTO : 2.
6:02 of 3rd period - Jordan Staal wins face-off versus Curtis Lazar in neutral zone.
6:02 of 3rd period - Jordan Staal is hit by Ryan Reaves.
6:06 of 3rd period - Jordan Martinook is hit by Frank Vatrano and loses puck.
6:14 of 3rd period - Off-side.
6:15 of 3rd period - Matt Duchene wins face-off versus Mark Scheifele in neutral zone.
7:06 of 3rd period - Off-side.
7:07 of 3rd period - Nick Suzuki wins face-off versus Eric Staal in neutral zone.
7:07 of 3rd period - Matt Niskanen is hit by Eric Staal and loses puck.
7:14 of 3rd period - Shot by Matt Niskanen.
7:14 of 3rd period - Deflect By Justin Williams.
7:14 of 3rd period - Stopped by Tuukka Rask with a rebound.
7:16 of 3rd period - Shot by Nick Suzuki.
7:16 of 3rd period - Stopped by Tuukka Rask with a rebound.
7:29 of 3rd period - Nick Suzuki is hit by Noah Hanifin and loses puck.
7:59 of 3rd period - Brady Tkachuk is hit by Noah Hanifin and loses puck.
8:19 of 3rd period - Icing by Jordie Benn.
8:20 of 3rd period - Jordan Staal wins face-off versus Joe Pavelski in TORONTO zone.
8:22 of 3rd period - Minor Penalty to Jordan Staal for Holding.
8:23 of 3rd period - Carl Hagelin wins face-off versus Joe Pavelski in BUFFALO zone.
8:34 of 3rd period - Shot by Mark Scheifele.
8:34 of 3rd period - Stopped by Tuukka Rask without a rebound.
8:35 of 3rd period - Brad Marchand wins face-off versus Nick Suzuki in BUFFALO zone.
8:50 of 3rd period - Shot by Jeff Skinner.
8:50 of 3rd period - Stopped by Tuukka Rask without a rebound.
8:51 of 3rd period - Joe Pavelski wins face-off versus Carl Hagelin in BUFFALO zone.
9:04 of 3rd period - Shot by Joe Pavelski.
9:04 of 3rd period - Stopped by Tuukka Rask without a rebound.
9:05 of 3rd period - Nick Suzuki wins face-off versus Brad Marchand in BUFFALO zone.
9:17 of 3rd period - Shot by Mark Scheifele.
9:17 of 3rd period - Shot Misses the Net.
9:19 of 3rd period - Shot by Mark Scheifele.
9:19 of 3rd period - Shot Misses the Net.
9:23 of 3rd period - Shot by Mark Scheifele.
9:23 of 3rd period - Stopped by Tuukka Rask with a rebound.
9:25 of 3rd period - Shot by Kevin Shattenkirk.
9:25 of 3rd period - Shot Blocked by Eric Staal.
9:27 of 3rd period - Shot by Kevin Shattenkirk.
9:27 of 3rd period - Stopped by Tuukka Rask without a rebound.
9:28 of 3rd period - Phil Kessel wins face-off versus Joe Pavelski in BUFFALO zone.
10:51 of 3rd period - Shot by Jordan Martinook.
10:51 of 3rd period - Stopped by Tuukka Rask without a rebound.
10:52 of 3rd period - Nick Suzuki wins face-off versus Noel Acciari in BUFFALO zone.
10:53 of 3rd period - Shot by Justin Williams.
10:53 of 3rd period - Shot Misses the Net.
11:01 of 3rd period - Shot by Carl Hagelin.
11:01 of 3rd period - Shot Blocked by Ethan Bear.
11:03 of 3rd period - Shot by Marco Scandella.
11:03 of 3rd period - Shot Blocked by Kevin Shattenkirk.
11:05 of 3rd period - Shot by Carl Hagelin.
11:05 of 3rd period - Stopped by Anton Khudobin without a rebound.
11:06 of 3rd period - Joe Pavelski wins face-off versus Eric Staal in TORONTO zone.
11:13 of 3rd period - Josh Morrissey is hit by Eric Staal and loses puck.
11:26 of 3rd period - Shot by Brad Marchand.
11:26 of 3rd period - Shot Misses the Net.
11:34 of 3rd period - Shot by Eric Staal.
11:34 of 3rd period - Shot Misses the Net.
11:38 of 3rd period - Shot by Brad Marchand.
11:38 of 3rd period - Stopped by Anton Khudobin with a rebound.
11:42 of 3rd period - Shot by Roman Josi.
11:42 of 3rd period - Stopped by Anton Khudobin without a rebound.
11:43 of 3rd period - Ondrej Palat wins face-off versus Matt Duchene in TORONTO zone.
11:43 of 3rd period - Ondrej Palat is hit by Matt Duchene.
12:02 of 3rd period - Shot by Ondrej Palat.
12:02 of 3rd period - Stopped by Tuukka Rask without a rebound.
12:03 of 3rd period - Justin Williams wins face-off versus Jordan Staal in BUFFALO zone.
12:19 of 3rd period - Shot by Jordan Staal.
12:19 of 3rd period - Shot Misses the Net.
12:31 of 3rd period - Shot by Jordan Staal.
12:31 of 3rd period - Stopped by Anton Khudobin without a rebound.
12:32 of 3rd period - Mark Scheifele wins face-off versus Matt Duchene in TORONTO zone.
13:12 of 3rd period - Icing by Mark Scheifele.
13:13 of 3rd period - Mark Scheifele wins face-off versus Eric Staal in TORONTO zone.
13:21 of 3rd period - Icing by Brayden Point.
13:22 of 3rd period - Jordan Staal wins face-off versus Mark Scheifele in TORONTO zone.
14:14 of 3rd period - Noah Hanifin is hit by Brady Tkachuk and loses puck.
14:49 of 3rd period - Shot by Oskar Lindblom.
14:49 of 3rd period - Shot Blocked by Phil Kessel.
14:51 of 3rd period - Shot by Jordie Benn.
14:51 of 3rd period - Stopped by Tuukka Rask with a rebound.
15:03 of 3rd period - Shot by Nick Suzuki.
15:03 of 3rd period - Deflect By Justin Williams.
15:03 of 3rd period - Shot Misses the Net.
15:05 of 3rd period - Shot by Jordie Benn.
15:05 of 3rd period - Shot Misses the Net.
15:54 of 3rd period - Minor Penalty to Ethan Bear for Hooking.
15:55 of 3rd period - Brayden Point wins face-off versus Matt Duchene in TORONTO zone.
16:06 of 3rd period - Shot by Shea Theodore.
16:06 of 3rd period - Goal by Shea Theodore - BUFFALO : 4 - TORONTO : 2.
16:07 of 3rd period - Joe Pavelski wins face-off versus Noel Acciari in neutral zone.
16:25 of 3rd period - Icing by Marco Scandella.
16:26 of 3rd period - Noel Acciari wins face-off versus Mark Scheifele in BUFFALO zone.
16:26 of 3rd period - Noel Acciari is hit by Ondrej Palat.
16:37 of 3rd period - Minor Penalty to Ian Cole for Roughing.
16:38 of 3rd period - Matt Duchene wins face-off versus Brayden Point in TORONTO zone.
16:38 of 3rd period - Charlie Coyle is hit by Matt Niskanen and loses puck.
16:49 of 3rd period - Shot by Matt Duchene.
16:49 of 3rd period - Stopped by Anton Khudobin without a rebound.
16:50 of 3rd period - Eric Staal wins face-off versus Brayden Point in TORONTO zone.
16:59 of 3rd period - Shot by Roman Josi.
16:59 of 3rd period - Stopped by Anton Khudobin with a rebound.
17:01 of 3rd period - Shot by Roman Josi.
17:01 of 3rd period - Stopped by Anton Khudobin without a rebound.
17:02 of 3rd period - Charlie Coyle wins face-off versus Ondrej Palat in TORONTO zone.
17:10 of 3rd period - Icing by Roman Josi.
17:11 of 3rd period - Matt Duchene wins face-off versus Brayden Point in BUFFALO zone.
17:22 of 3rd period - Shot by Drew Doughty.
17:22 of 3rd period - Stopped by Anton Khudobin without a rebound.
17:23 of 3rd period - Eric Staal wins face-off versus Brayden Point in TORONTO zone.
17:24 of 3rd period - Shot by Roman Josi.
17:24 of 3rd period - Deflect By Brad Marchand.
17:24 of 3rd period - Stopped by Anton Khudobin with a rebound.
19:02 of 3rd period - Icing by Ethan Bear.
19:03 of 3rd period - Noel Acciari wins face-off versus Nick Suzuki in TORONTO zone.
19:10 of 3rd period - Justin Williams is hit by Noel Acciari and loses puck.
19:17 of 3rd period - Shot by Carl Hagelin.
19:17 of 3rd period - Shot Blocked by Ethan Bear.
Goals for this period are 1 for BUFFALO vs 1 for TORONTO.
Shots for this period are 11 for BUFFALO vs 13 for TORONTO.